 Dungeon Crawl Stone Soup version 0.29-a0-330-g52719c12eb (webtiles) character file.

Game seed: 18352325496236245105

263 dohliylev the Magician (level 5, -7/24 HPs)
             Began as a Spriggan Venom Mage on May 31, 2022.
             Shot with an arrow by a centaur (15 damage)
             ... on level 4 of the Dungeon.
             The game lasted 00:14:19 (4029 turns).

dohliylev the Magician (Spriggan Venom Mage)        Turns: 4029, Time: 00:14:20

Health: -7/24      AC:  2    Str:  4    XL:     5   Next: 98%
Magic:  8/13       EV: 18    Int: 18    God:
Gold:   167        SH:  0    Dex: 22    Spells: 8/14 levels left

rFire   . . .      SeeInvis +   p - +1 dagger (drain)
rCold   . . .      Faith    .   (no shield)
rNeg    . . .      Spirit   .   a - +0 robe
rPois   +          Reflect  .   m - +0 hat
rElec   .          Harm     .   (no cloak)
rCorr   .          Rampage  .   (gloves unavailable)
Will    .....                   (boots unavailable)
Stlth   +++.......              (no amulet)
HPRegen 0.08/turn               f - +6 ring of dexterity
MPRegen 0.13/turn               q - ring of poison resistance

@: very quick
A: very small, no large weapons, unfitting armour, see invisible, speed 3
a: no special abilities


You were on level 4 of the Dungeon.
You visited 1 branch of the dungeon, and saw 4 of its levels.

You collected 167 gold pieces.

Inventory:

Hand Weapons
 p - a +1 dagger of draining (weapon)
Armour
 a - a +0 robe (worn)
 m - a +0 hat (worn)
Jewellery
 f - a +6 ring of dexterity (left hand)
 q - a ring of poison resistance (right hand)
Wands
 h - a wand of iceblast (7)
 l - a wand of charming (8)
Scrolls
 c - 2 scrolls of teleportation {unknown}
 e - a scroll of fog {unknown}
 i - a scroll of noise {unknown}
 j - 4 scrolls of identify {unknown}
 k - a scroll of enchant weapon {unknown}
 o - a scroll of fear {unknown}
Potions
 b - a potion of magic
 d - 2 potions of heal wounds {unknown}
 g - a potion of might {unknown}
 n - a potion of attraction {unknown}


   Skills:
 + Level 2.8 Dodging
 + Level 3.1 Stealth
 + Level 5.0 Spellcasting
 + Level 3.8 Transmutations
 + Level 1.5 Air Magic
 + Level 4.3 Poison Magic


You had 8 spell levels left.
You knew the following spells:

 Your Spells              Type           Power      Damage    Failure   Level
a - Sting                 Tmut/Pois      76%        1d6       2%          1
b - Poisonous Vapours     Pois/Air       30%        N/A       6%          2
c - Mephitic Cloud        Conj/Pois/Air  11%        N/A       19%         3

Your spell library contained the following spells:

 Spells                   Type           Power      Damage    Failure   Level
 Olgreb's Toxic Radiance  Pois           20%        N/A       22%         4
 Frozen Ramparts          Ice            8%         1d2       36%         3
 Ice Form                 Ice/Tmut       11%        N/A       52%         4
 Summon Ice Beast         Ice/Summ       4%         N/A       78%         4


Dungeon Overview and Level Annotations

Branches:
Dungeon (4/15)
 Temple: D:4-7

Altars:
Uskayaw


Innate Abilities, Weirdness & Mutations

You are very small and have problems with some larger weapons.
You are too small for most types of armour.
You have supernaturally acute eyesight. (SInv)
You cover ground extremely quickly. (Speed+++)


Message History

Casting: Sting (safe; 2% risk of failure)
Confirm with . or Enter, or press ? or * to list all spells.
You don't know that spell.
Aiming: Sting (safe; 2% risk of failure)
Press: ? - help, Q - select action, (/) - cycle Shift-Dir - straight line, f - endoplasm
Aim: an endoplasm (98% to hit)
Okay, then.
Aiming: Sting (safe; 2% risk of failure)
Press: ? - help, Q - select action, (/) - cycle Shift-Dir - straight line, f - endoplasm
Aim: an endoplasm (98% to hit)
The sting hits the endoplasm.
The endoplasm is poisoned.
The endoplasm is lightly wounded.
You start resting.
Magic restored.
A centaur comes into view.
The endoplasm hits you but does no damage.
Aiming: Sting (safe; 2% risk of failure)
Press: ? - help, Q - select action, (/) - cycle Shift-Dir - straight line, f/p - endoplasm
Aim: an endoplasm (almost dead, 98% to hit)
The sting hits the endoplasm.
The endoplasm partially resists.
You kill the endoplasm!
The centaur shouts!
Casting: Sting (safe; 2% risk of failure)
Confirm with . or Enter, or press ? or * to list all spells.
Aiming: Poisonous Vapours (safe; 6% risk of failure)
Press: ? - help, Dir - move target, f - centaur
Aim: a centaur Poisonous vapours surround the centaur!
The centaur is poisoned.
The centaur wields a +0 shortbow.
The centaur shoots an arrow.
The arrow hits you.
The centaur shoots an arrow.
The arrow completely misses you.
Casting: Poisonous Vapours (safe; 6% risk of failure)
Confirm with . or Enter, or press ? or * to list all spells.
Aiming: Poisonous Vapours (safe; 6% risk of failure)
Press: ? - help, Dir - move target, f/p - centaur
Aim: a centaur, wielding a +0 shortbow (poisoned) Poisonous vapours surround the centaur!
The centaur looks even sicker.
The centaur shoots an arrow.
The arrow hits you!
The centaur shoots an arrow.
The arrow hits you!
Ouch! That really hurt!
You die...

#[......##.#####...#####
#.......................
<.........รท.............
#........#..............
#.#...)#######.......###
#.#....# ##.#.#.#.#.##
#......# #....$......#
###.#### ##.#.#.#.#.##
#<# #......@<...# #.#
##.#.#.#.#.## #.#
#...........# ..#
##.#.#.#.#.## ###
#............
##.#.#.#.#.#.#
.............#
#.#.#.#c#.#.###
#...##.##.###


You could see a centaur (very poisoned).

Vanquished Creatures
  An ogre (D:4)
  A jelly (D:4)
  An iguana (D:4)
  An orc wizard (D:3)
  2 adders (D:3)
  A shadow imp (D:3)
  3 worms
  4 dart slugs
  3 orcs (D:3)
  10 endoplasms
  4 giant cockroaches
  5 goblins
  3 hobgoblins (D:3)
  3 jackals (D:4)
  2 quokkas (D:3)
  7 ball pythons
  A bat (D:1)
  A frilled lizard (D:1)
  A kobold (D:2)
  3 rats (D:3)
57 creatures vanquished.

Notes
Turn   | Place    | Note
-------+----------+-------------------------------------------
     0 | D:1      | dohliylev the Spriggan Venom Mage began the quest for the
                  | Orb.
     0 | D:1      | Reached XP level 1. HP: 9/9 MP: 5/5
   483 | D:1      | Reached XP level 2. HP: 13/13 MP: 2/6
   486 | D:1      | Learned a level 2 spell: Poisonous Vapours
   545 | D:1      | Reached skill level 3 in Spellcasting
  1464 | D:2      | Reached XP level 3. HP: 16/16 MP: 4/8
  1747 | D:2      | Found a faded altar of an unknown god.
  2186 | D:3      | Learned a level 3 spell: Mephitic Cloud
  2291 | D:3      | Reached skill level 1 in Air Magic
  2552 | D:3      | Reached XP level 4. HP: 21/21 MP: 0/10
  3169 | D:3      | Reached skill level 4 in Spellcasting
  3592 | D:3      | Found a hide-covered altar of Uskayaw.
  3644 | D:4      | Noticed an ogre
  3673 | D:4      | Reached XP level 5. HP: 24/24 MP: 1/12
  3900 | D:4      | Killed an ogre
  3901 | D:4      | Reached skill level 5 in Spellcasting
  4021 | D:4      | Noticed a centaur
  4029 | D:4      | Shot with an arrow by a centaur

Illustrated notes

Levels and vault maps discovered:
D:1:      dpeg_arrival_pits, layout_basic
D:2:      layout_basic, hellmonk_ecumenical_altar_inner_sanctum,
          grunt_decor_one_mirror
D:3:      layout_basic, mainiacjoe_overflow_alcove_2, chequers_decorated_corner,
          st_stairs_5
D:4:      layout_loops_cross, makhleb_blood_cavern_becter, st_stairs_10,
          minmay_fractal_squares_gapless_5, uniq_eustachio

Skill      XL: |  1  2  3  4  5 |
---------------+----------------+-----
Spellcasting   | 3 4 5 |  5.0
Transmutations | 2 3 |  3.8
Air Magic      | 1 |  1.5
Poison Magic   | 4 |  4.3
Dodging        | |  2.8
Stealth        | |  3.1

Action                   |  1- 3 |  4- 6 || total
-------------------------+-------+-------++-------
 Cast: Sting             |    57 |    42 ||    99
       Poisonous Vapours |    33 |    25 ||    58
Armor: Robe              |     1 |     2 ||     3
Dodge: Dodged            |     4 |     5 ||     9

Table legend: (Time is in decaauts)
 A = Elapsed time spent in this place.
 B = Non-inter-level travel time spent in this place.
 C = Inter-level travel time spent in this place.
 D = Time resting spent in this place.
 E = Time spent auto-exploring this place.
 F = Levels seen in this place.
 G = Mean time per level.
                   A        B        C        D        E       F      G
               +--------+--------+--------+--------+--------+-----+--------+
         Total |   3261 |   3219 |     42 |   1651 |   1044 |   4 |  815.2 |
       Dungeon |   3261 |   3219 |     42 |   1651 |   1044 |   4 |  815.2 |
               +--------+--------+--------+--------+--------+-----+--------+

Top non-repeatable levels by time:
     D:3: 1335 daAuts
     D:2: 984 daAuts
     D:1: 588 daAuts
     D:4: 352 daAuts
